 Dungeon Crawl Stone Soup version 0.31-b1-12-gca42e3d1b8 (webtiles) character file.

Game seed: 16735724336759077020

1169 Fortress the Purveyor of Pain (level 8, -2/54 (56) HPs)
             Began as a Demonspawn Necromancer on Jan 14, 2024.
             Was an Initiate of Kikubaaqudgha.
             Slain by a wight
             ... wielding a +5 great sword
              (22 damage)
             ... on level 7 of the Dungeon.
             The game lasted 00:25:55 (5346 turns).

Fortress the Purveyor of Pain (DsNe)                Turns: 5346, Time: 00:25:56

HP:   -2/54 (56)    AC:  5    Str:  9    XL:     8   Next: 17%
MP:   1/17          EV: 12    Int: 22    God:    Kikubaaqudgha [......]
Gold: 128           SH:  0    Dex: 13    Spells: 15/19 levels left

rFire   + . .        j - +2 dagger (drain)
rCold   + . .        (no shield)
rNeg    . . .        c - +2 robe {rC+ rF+}
rPois   .            (no helmet)
rElec   .            (cloak unavailable)
rCorr   .            (no gloves)
SInv    .            i - +0 pair of boots
Will    .....        (no amulet)
Stlth   ++           (no ring)
HPRegen 0.29/turn    (no ring)
MPRegen 0.15/turn

%: no passive effects
@: lightly drained
A: foul stench 1, big brain 2, weakness stinger 3
a: Renounce Religion


You were on level 7 of the Dungeon.
You worshipped Kikubaaqudgha.
Kikubaaqudgha was noncommittal.
You visited 1 branch of the dungeon, and saw 7 of its levels.

You collected 128 gold pieces.

Inventory:

Hand Weapons
 j - a +2 dagger of draining (weapon)
Missiles
 e - 5 silver javelins
 h - 11 poisoned darts
Armour
 c - a +2 robe of resistance (worn)
 i - a +0 pair of boots (worn)
 q - a +1 robe of cold resistance
Magical Staves
 n - a staff of fire
Wands
 m - a wand of acid (2)
Scrolls
 a - a scroll of amnesia {unknown}
 o - a scroll of identify
Potions
 b - a potion of magic
 d - a potion of brilliance
 f - a potion of heal wounds {unknown}
 k - a potion of ambrosia {unknown}
 l - 2 potions of attraction


   Skills:
 + Level 2.0 Fighting
 - Level 2.0 Dodging
 - Level 2.0 Stealth
 + Level 6.4 Spellcasting
 + Level 8.4 Necromancy


You had 15 spell levels left.
You knew the following spells:

 Your Spells              Type           Power      Damage    Failure   Level
a - Necrotise             Necr           100%       1d9       1%          1
b - Vampiric Draining     Necr           44%        2d9       1%          3

Your spell library contained the following spells:

 Spells                   Type           Power      Damage    Failure   Level
 Animate Dead             Necr           44%        N/A       2%          4
 Curse of Agony           Necr           44%        N/A       8%          5
 Foxfire                  Conj/Fire      28%        2x1d5     9%          1
 Manifold Assault         Tloc           7%         N/A       65%         4
 Dispersal                Tloc           3%         N/A       100%        6
 Plasma Beam              Fire/Air       3%         2x1d13    100%        6
 Starburst                Conj/Fire      3%         6d3       100%        6
 Disjunction              Tloc           3%         N/A       100%        8


Dungeon Overview and Level Annotations

Branches:
Dungeon (7/15)
 Temple: D:4-7

Altars:
Kikubaaqudgha
Uskayaw

Annotations:
D:4 Grinder


Innate Abilities, Weirdness & Mutations

You may rarely emit foul miasma when damaged in melee.
You have an extremely huge brain. (Int +4)
You have a sharp stinger which inflicts weakening toxins.


Message History

The centaur writhes in agony.
The centaur is engulfed in dark miasma.
The centaur is poisoned.
The centaur hits you but does no damage.
The centaur kicks you but does no damage.
Your orc wizard skeleton hits the iguana but does no damage.
You completely miss the centaur.
You punch the centaur, but do no damage.
The centaur is almost dead.
The centaur is engulfed in dark miasma.
The centaur looks even sicker.
The centaur seems to slow down.
You kill the centaur!
Kikubaaqudgha accepts your kill.
You hit the wight but do no damage.
Your orc wizard skeleton hits the iguana but does no damage.
The wight barely misses you.
You hit the wight but do no damage.
Your orc wizard skeleton hits the iguana but does no damage.
The wight closely misses you.
You hit the wight but do no damage.
Your orc wizard skeleton closely misses the iguana.
The wight hits you with a +5 great sword.
You emit a cloud of foul miasma!
You barely miss the wight. The wight barely misses you.
Your orc wizard skeleton hits the iguana but does no damage.
You hit the wight but do no damage.
You tail-slap the wight, but do no damage.
The wight hits you with a +5 great sword.
The iguana hisses menacingly.
You hit the wight but do no damage.
Your orc wizard skeleton hits the iguana but does no damage.
The wight hits you with a +5 great sword.
You feel drained.
You hit the wight but do no damage.
Your tail-slap misses the wight.
Your orc wizard skeleton closely misses the iguana.
The wight barely misses you.
You barely miss the wight.
Your orc wizard skeleton closely misses the iguana.
The wight hits you with a +5 great sword!!
You die...
Kikubaaqudgha rasps: "You have failed me!
Welcome... death!"

# ##.
###..>#######
.....zz@...<#
#.#..l#####.#
##Z #.# # #.#
#.# #.# #Y#
#.#


You could see an iguana (ally target), 2 wights and a friendly orc wizard
skeleton.

Vanquished Creatures
  An ice beast (D:5)
  2 black bears
  An orc warrior (D:7)
  A centaur (D:7)
  A phantom (D:5)
  A scorpion (D:4)
  A burial acolyte (D:5)
  A howler monkey (D:6)
  An orc priest (D:4)
  2 hounds
  Ijyb (D:5)
  7 orc wizards
  A gnoll (D:1)
  6 adders
  A white imp (D:6)
  An adder zombie (D:5)
  3 ribbon worms (D:2)
  5 dart slugs
  15 orcs
  7 endoplasms
  A giant cockroach (D:4)
  8 goblins
  6 hobgoblins
  6 jackals (D:1)
  3 kobolds
  6 quokkas
  7 ball pythons
  4 bats
  2 frilled lizards
  3 jackal zombies (D:5)
  6 rats
111 creatures vanquished.

Vanquished Creatures (collateral kills)
  2 adders (D:5)
  A ribbon worm (D:2)
  An orc (D:4)
  A jackal (D:1)
5 creatures vanquished.

Vanquished Creatures (others)
  An orc wizard (D:5)
1 creature vanquished.

Grand Total: 117 creatures vanquished

Notes
Turn   | Place    | Note
-------+----------+-------------------------------------------
     0 | D:1      | Fortress the Demonspawn Necromancer began the quest for the
                  | Orb.
     0 | D:1      | Reached XP level 1. HP: 13/13 MP: 3/3
   161 | D:1      | Gained mutation: You have a small tail. [demonic ancestry]
   161 | D:1      | Reached XP level 2. HP: 19/19 MP: 0/5
   303 | D:1      | Reached skill level 5 in Necromancy
   406 | D:1      | Gained mutation: You have a tail ending in a sharp stinger.
                  | [demonic ancestry]
   406 | D:1      | Reached XP level 3. HP: 24/24 MP: 6/6
  1325 | D:2      | Reached XP level 4. HP: 23/31 MP: 3/8
  1640 | D:2      | Reached skill level 1 in Fighting
  2809 | D:4      | Gained mutation: You have an unusually large brain. (Int
                  | +2) [demonic ancestry]
  2809 | D:4      | Reached XP level 5. HP: 37/37 MP: 0/9
  3013 | D:4      | Reached skill level 6 in Necromancy
  3132 | D:4      | Found a hide-covered altar of Uskayaw.
  3132 | D:4      | Noticed a +0 dagger
  3132 | D:4      | Noticed a +0 spear
  3133 | D:4      | Noticed a +0 falchion
  3134 | D:4      | Noticed a +0 short sword
  3134 | D:4      | Noticed a +0 spear
  3134 | D:4      | Noticed a +0 short sword
  3134 | D:4      | Noticed a +0 falchion
  3134 | D:4      | Noticed a +0 dagger
  3246 | D:4      | Gained mutation: You may rarely emit foul miasma when
                  | damaged in melee. [demonic ancestry]
  3246 | D:4      | Reached XP level 6. HP: 38/43 MP: 6/12
  3585 | D:4      | Noticed Grinder
  4168 | D:5      | Entered Level 5 of the Dungeon
  4217 | D:5      | Noticed Ijyb
  4254 | D:5      | Killed Ijyb
  4290 | D:5      | Reached skill level 5 in Spellcasting
  4290 | D:5      | Reached skill level 7 in Necromancy
  4290 | D:5      | Gained mutation: You have an extremely huge brain. (Int +4)
                  | [demonic ancestry]
  4290 | D:5      | Reached XP level 7. HP: 9/48 MP: 9/14
  4723 | D:5      | Learned a level 3 spell: Vampiric Draining
  5074 | D:5      | Found an ancient bone altar of Kikubaaqudgha.
  5082 | D:5      | Became a worshipper of Kikubaaqudgha
  5277 | D:6      | Reached skill level 8 in Necromancy
  5329 | D:7      | Gained mutation: You have a sharp stinger which inflicts
                  | weakening toxins. [demonic ancestry]
  5329 | D:7      | Reached XP level 8. HP: 23/56 MP: 9/17
  5346 | D:7      | Slain by a wight

Illustrated notes

Levels and vault maps discovered:
D:1:      saegor_arrival_simple_e, layout_loops_ring
D:2:      layout_basic, serial_bayou_pond_e, minivault_25
D:3:      minmay_diamond_boxcup, layout_loops_cross, dreamdust_princess_bridge
D:4:      layout_gridville, lemuel_tele_altar, nicolae_uskayaw_en_pointe,
          hangedman_decor_riveting, kennysheep_orc_chapel, uniq_grinder
D:5:      layout_basic, lemuel_zombie_altar_kikubaaqudgha, uniq_ijyb
D:6:      layout_rooms, minmay_temple_entry_steel_oval, serial_shops,
          nicolae_take_the_stairs, shop_statue, shop_fountains, shop,
          nicolae_shop_statue_plus, hellmonk_ghost_happy_afterlife,
          dreamdust_gnoll_farm
D:7:      layout_loops_ring, tso_oasis_becter, serial_rivers,
          chequers_serial_rivers_micro_b, chequers_serial_rivers_micro_a,
          chequers_serial_rivers_small_3, chequers_serial_rivers_micro_b,
          chequers_serial_rivers_marsh, chequers_serial_rivers_large_a,
          grunt_ministairs_12, uniq_crazy_yiuf_cottage

Skill      XL: |  1  2  3  4  5  6  7 |
---------------+----------------------+-----
Dodging        | 2 |  2.0
Necromancy     | 5 6 7 8 |  8.4
Stealth        | 2 |  2.0
Spellcasting   | 3 4 5 6 |  6.4
Fighting       | 1 2 |  2.0

Action                     |  1- 3 |  4- 6 |  7- 9 || total
---------------------------+-------+-------+-------++-------
  Melee: Unarmed           |    22 |       |       ||    22
         Hand axe          |    31 |       |       ||    31
         Tailslap          |     6 |    12 |     6 ||    24
         Dagger            |    14 |   101 |    46 ||   161
         Punch             |     1 |       |     2 ||     3
   Cast: Necrotise         |    44 |   108 |    31 ||   183
         Vampiric Draining |       |       |    12 ||    12
    Use: Scroll            |       |     5 |     2 ||     7
         Potion            |       |     2 |       ||     2
   Stab: Sleeping          |     6 |     2 |     1 ||     9
 Armour: Robe              |    37 |    80 |    59 ||   176
  Dodge: Dodged            |    57 |    70 |    49 ||   176
